 Dungeon Crawl Stone Soup version 0.20.0-8-g6b59dc7 (webtiles) character file.

16438 Inarius the Thaumaturge (level 12, -7/101 HPs)
             Began as a Green Draconian Venom Mage on May 29, 2017.
             Was an Elder of Kikubaaqudgha.
             Mangled by a four-headed hydra (21 damage)
             ... on level 10 of the Dungeon on May 30, 2017.
             The game lasted 01:26:59 (21220 turns).

Inarius the Thaumaturge (DrVM)                     Turns: 21220, Time: 01:27:01

Health: -7/101     AC: 17    Str: 14    XL:     12   Next: 10%
Magic:  23/25      EV: 19    Int: 19    God:    Kikubaaqudgha [****..]
Gold:   597        SH:  0    Dex: 12    Spells: 4/29 levels left

rFire    + . .     SeeInvis .   P - +5 quarterstaff (chaos)
rCold    . . .     Gourm    +   (shield currently unavailable)
rNeg     . . .     Faith    .   (armour unavailable)
rPois    +         Spirit   .   u - +0 hat {MR+}
rElec    .         Reflect  .   Q - +2 cloak {MR+}
rCorr    .         Harm     .   m - +0 pair of gloves
MR       ++...                  (no boots)
Stlth    ++........             A - amulet of the gourmand
Regen    0.3/turn               h - +5 ring of protection
MPRegen  0.2/turn               z - +3 ring of evasion

@: no status effects
A: breathe noxious fumes, unfitting armour, claws 1, stinger 1, fire resistance
1, poison resistance, robust 1, strong 1, cold-blooded, AC +8
a: Breathe Noxious Fumes, Receive Corpses, Renounce Religion


You were on level 10 of the Dungeon.
You worshipped Kikubaaqudgha.
Kikubaaqudgha was greatly pleased with you.
You were full.

You visited 2 branches of the dungeon, and saw 12 of its levels.

You collected 597 gold pieces.

Inventory:

Hand Weapons
 J - the +9 war axe "Ekuffaof" {venom, +Rage rElec rC-}
   (You found it on level 8 of the Dungeon)

   It poisons the flesh of those it strikes.
   It makes you vulnerable to cold.
   It insulates you from electricity.
   It lets you go berserk.
 N - a +4 flail of holy wrath
 P - a +5 quarterstaff of chaos (weapon)
 T - a +3 dagger of chaos
Armour
 m - a +0 pair of gloves (worn)
 u - a +0 hat of magic resistance (worn)
 Q - a +2 cloak of magic resistance (worn)
Magical Staves
 D - an uncursed staff of air
Jewellery
 h - a +5 ring of protection (left hand)
 z - a +3 ring of evasion (right hand)
 A - an amulet of the gourmand (around neck)
 B - an uncursed ring of protection from fire
 F - an uncursed ring of protection from fire
Wands
 i - a wand of digging (15/24)
 o - a wand of paralysis (15/24)
 q - a wand of polymorph (3/24)
 t - a wand of enslavement (10/24)
 w - a wand of paralysis (7/24)
 x - a wand of random effects (5/48)
 E - a wand of lightning (9/15)
 G - a wand of iceblast (13/15)
 H - a wand of polymorph (9/24)
 W - a wand of confusion (21/48)
Scrolls
 e - 4 scrolls of immolation
 f - 7 scrolls of remove curse
 g - 3 scrolls of recharging
 k - a scroll of fog
 s - 2 scrolls of blinking
 I - 2 scrolls of fear
Potions
 c - 2 potions of heal wounds
 d - 4 potions of lignification
 j - 3 potions of cancellation {unknown}
 l - 3 potions of brilliance {unknown}
 n - a potion of mutation
 r - 5 potions of flight {unknown}
 C - a potion of resistance
 L - 4 potions of curing
 M - 3 potions of berserk rage {unknown}
 O - a potion of agility {unknown}
Books
 a - a Young Poisoner's Handbook

   Spells                             Type                      Level
   a - Sting                          Conjuration/Poison           1
   b - Poisonous Vapours              Poison/Air                   2
   c - Mephitic Cloud                 Conjuration/Poison/Air       3
   d - Olgreb's Toxic Radiance        Poison                       4
   e - Venom Bolt                     Conjuration/Poison           5
 v - Kikubaaqudgha's Almanac of Unholy Rites
   (Kikubaaqudgha gifted it to you on level 9 of the Dungeon)

   Spells                             Type                      Level
   a - Animate Dead                   Necromancy                   4
   b - Agony                          Necromancy                   5
   c - Cigotuvi's Embrace             Necromancy                   5
   d - Dispel Undead                  Necromancy                   5
   e - Simulacrum                     Ice/Necromancy               6
 y - a book of Maledictions

   Spells                             Type                      Level
   a - Corona                         Hexes                        1
   b - Ensorcelled Hibernation        Hexes/Ice                    2
   c - Confuse                        Hexes                        3
   d - Tukima's Dance                 Hexes                        3
   e - Dazzling Spray                 Conjuration/Hexes            3
 S - a book of Conjurations

   Spells                             Type                      Level
   a - Magic Dart                     Conjuration                  1
   b - Searing Ray                    Conjuration                  2
   c - Dazzling Spray                 Conjuration/Hexes            3
   d - Fulminant Prism                Conjuration/Hexes            4
   e - Force Lance                    Conjuration/Translocation    4
   f - Iskenderun's Mystic Blast      Conjuration                  4
 U - a book of Minor Magic

   Spells                             Type                      Level
   a - Magic Dart                     Conjuration                  1
   b - Blink                          Translocation                2
   c - Call Imp                       Summoning                    2
   d - Slow                           Hexes                        2
   e - Conjure Flame                  Conjuration/Fire             3
   f - Mephitic Cloud                 Conjuration/Poison/Air       3
 V - a book of Debilitation

   Spells                             Type                      Level
   a - Corona                         Hexes                        1
   b - Slow                           Hexes                        2
   c - Inner Flame                    Hexes/Fire                   3
   d - Portal Projectile              Hexes/Translocation          3
   e - Cause Fear                     Hexes                        4
   f - Leda's Liquefaction            Hexes/Earth                  4
 X - a book of Necromancy

   Spells                             Type                      Level
   a - Pain                           Necromancy                   1
   b - Animate Skeleton               Necromancy                   1
   c - Vampiric Draining              Necromancy                   3
   d - Regeneration                   Charms/Necromancy            3
   e - Animate Dead                   Necromancy                   4
   f - Control Undead                 Necromancy                   4
Comestibles
 b - 10 bread rations
 p - 6 royal jellies
 K - 6 meat rations


   Skills:
 + Level 4.5 Fighting
 - Level 0.4(0.5) Short Blades
   Level 0.4(0.5) Long Blades
 + Level 7.8 Dodging
 - Level 2.1 Stealth
 + Level 9.0 Spellcasting
 * Level 8.1 Conjurations
 + Level 5.4 Necromancy
 * Level 4.2 Translocations
 + Level 7.0 Air Magic
 - Level 8.0 Poison Magic
 + Level 4.2 Evocations


You had 4 spell levels left.
You knew the following spells:

 Your Spells              Type           Power        Failure   Level  Hunger
a - Force Lance           Conj/Tloc      ####....     6%          4    ###....
b - Poisonous Vapours     Pois/Air       #####.       1%          2    None
c - Olgreb's Toxic Radia  Pois           #####...     3%          4    ###....
d - Control Undead        Necr           ####......   9%          4    ###....
e - Venom Bolt            Conj/Pois      #####.....   9%          5    #####..
f - Conjure Flame         Conj/Fire      ###.....     4%          3    None
g - Corona                Hex            #......      9%          1    None
h - Blink                 Tloc           N/A          2%          2    None


Dungeon Overview and Level Annotations

Branches:
Dungeon (11/15)            Temple (1/1) D:4            Lair (0/6) D:10
    Orc (0/2) D:10

Altars:
Ashenzari
Cheibriados
Dithmenos
Elyvilon
Fedhas
Gozag
Hepliaklqana
Kikubaaqudgha
Makhleb
Nemelex Xobeh
Okawaru
Qazlal
Ru
Sif Muna
Trog
Uskayaw
Vehumet
Xom
Yredelemnul
Zin
The Shining One


Innate Abilities, Weirdness & Mutations

You can breathe blasts of noxious fumes.
Your lurid green scales are hard. (AC +8)
You cannot fit into any form of body armour.
Your system is resistant to poisons. (rPois)
You are cold-blooded and may be slowed by cold attacks.
You have sharp fingernails.
Your tail ends in a poisonous barb.
Your flesh is heat resistant. (rF+)
You are robust. (+10% HP)
Your muscles are strong. (Str +2)


Message History

The four-headed hydra misses you.
The four-headed hydra closely misses you.
The four-headed hydra bites you.
* * * LOW HITPOINT WARNING * * *
The four-headed hydra barely misses you.
Okay, then.
Casting: Poisonous Vapours
Confirm with . or Enter, or press ? or * to list all spells.
You blink.
The four-headed hydra closely misses you.
The four-headed hydra completely misses you.
The four-headed hydra misses you.
The four-headed hydra barely misses you.
The four-headed hydra completely misses you.
The four-headed hydra bites you.
* * * LOW HITPOINT WARNING * * *
The four-headed hydra barely misses you.
The four-headed hydra bites you!!
You die...
Kikubaaqudgha rasps: "You have failed me!
Welcome... death!"

######## #......#
#.####.############
........(.......@>#
#.#....######.###D#
....#########.# #ยง#
### .....#......#.###.#
#.# .#.(...#..........#
#.#
(........###..#######.#
.....##..##..[........#
...).....##...#######.#
...#.###.##.).# #.#


You could see a four-headed hydra (berserk).

Vanquished Creatures
  Gastronok (D:11)
  Erica (D:8)
  A two-headed ogre (D:8)
  The ghost of mike2R the Destroyer, a journeyman DEAE of Sif Muna (D:10)
  An unseen horror (D:10)
  Pikel (D:7)
  A manticore (D:8)
  Maurice (D:10)
  Joseph (D:8)
  Psyche (D:11)
  3 trolls
  3 hippogriffs
  A spriggan (D:8)
  A wraith (D:11)
  17 yaks
  A hungry ghost (D:11)
  Grum (D:8)
  2 water moccasins
  2 slaves (D:7)
  Duvessa (D:5)
  A necrophage (D:9)
  3 ice beasts
  An orc warrior (D:9)
  6 ogres
  4 sky beasts
  2 phantoms
  6 centaurs
  3 wolves (D:8)
  A crocodile (D:9)
  2 big kobolds
  8 bullfrogs
  A gnoll sergeant (D:10)
  Dowan (D:5)
  A wyvern skeleton (D:4)
  3 scorpions
  8 wights (D:9)
  12 killer bees
  2 howler monkeys (D:10)
  2 crimson imps
  A centaur zombie (D:5)
  A quasit (D:11)
  9 hounds
  4 jellies
  7 orc wizards
  Crazy Yiuf (D:7)
  A centaur skeleton (D:4)
  A gnoll shaman (D:4)
  3 iguanas
  5 orc priests
  2 bullfrog skeletons
  Natasha (thrice) (D:3)
  9 worker ants
  3 hound skeletons
  2 worker ant zombies (D:5)
  15 gnolls
  9 adders
  3 shadow imps
  4 oozes
  An adder zombie (D:3)
  2 adder skeletons
  6 worms
  6 dart slugs
  5 leopard geckos
  33 orcs
  4 ball pythons
  5 giant cockroaches
  10 goblins
  10 hobgoblins
  14 jackals
  4 quokkas
  3 bats
  9 frilled lizards
  19 kobolds
  2 leopard gecko skeletons
  A quokka skeleton (D:4)
  5 rats
  A spectral orc (D:2)
332 creatures vanquished.

Vanquished Creatures (collateral kills)
  A water moccasin (D:10)
  A wight (D:9)
2 creatures vanquished.

Vanquished Creatures (others)
  2 slaves (D:7)
  A centaur skeleton (D:8)
  A fire vortex (D:11)
4 creatures vanquished.

Grand Total: 338 creatures vanquished

Notes
Turn   | Place    | Note
-------+----------+-------------------------------------------
     0 | D:1      | Inarius the Draconian Venom Mage began the quest for the Orb.
     0 | D:1      | Reached XP level 1. HP: 14/14 MP: 3/3
   308 | D:1      | Reached XP level 2. HP: 20/20 MP: 3/5
   362 | D:1      | Learned a level 2 spell: Poisonous Vapours
  1317 | D:1      | Reached XP level 3. HP: 24/26 MP: 4/6
  2434 | D:2      | Reached XP level 4. HP: 33/33 MP: 3/7
  2441 | D:2      | Learned a level 4 spell: Olgreb's Toxic Radiance
  2765 | D:2      | Reached skill level 1 in Air Magic
  3157 | D:2      | Found a basalt altar of Yredelemnul.
  3976 | D:3      | Reached XP level 5. HP: 38/38 MP: 0/9
  4084 | D:3      | Noticed Natasha
  4090 | D:3      | Killed Natasha
  4544 | D:3      | Reached skill level 3 in Spellcasting
  4550 | D:3      | Noticed Natasha
  4554 | D:3      | Killed Natasha
  4619 | D:3      | Noticed Natasha
  4624 | D:3      | Killed Natasha
  4784 | D:4      | Reached XP level 6. HP: 46/46 MP: 10/10
  4920 | D:4      | Found a shimmering altar of Xom.
  4922 | D:4      | Found a shimmering altar of Xom.
  5312 | D:4      | Found a shimmering altar of Xom.
  5312 | D:4      | Found a shimmering altar of Xom.
  5653 | D:4      | Found a staircase to the Ecumenical Temple.
  5663 | Temple   | Entered the Ecumenical Temple
  5760 | Temple   | Became a worshipper of Kikubaaqudgha
  5780 | D:4      | Your scales start taking on a lurid green colour.
  5780 | D:4      | Reached skill level 5 in Poison Magic
  5780 | D:4      | Reached XP level 7. HP: 51/51 MP: 9/12
  5780 | D:4      | Gained mutation: Your system is resistant to poisons. (rPois) [Green Draconian growth]
  5940 | D:4      | Reached skill level 1 in Necromancy
  6041 | D:4      | Reached skill level 4 in Spellcasting
  6464 | D:4      | Found a hide-covered altar of Uskayaw.
  6732 | D:5      | Entered Level 5 of the Dungeon
  6969 | D:5      | Reached * piety under Kikubaaqudgha
  6969 | D:5      | Identified Kikubaaqudgha's Papyrus of Unholy Rites (Kikubaaqudgha gifted it to you on level 5 of the Dungeon)
  6969 | D:5      | Received a gift from Kikubaaqudgha
  7059 | D:4      | Reached skill level 1 in Evocations
  7059 | D:4      | Reached XP level 8. HP: 37/58 MP: 14/14
  7065 | D:4      | Learned a level 4 spell: Control Undead
  8232 | D:5      | Noticed Dowan
  8236 | D:5      | Noticed Duvessa
  8241 | D:5      | Killed Duvessa
  8241 | D:5      | Reached skill level 1 in Fighting
  8245 | D:5      | Killed Dowan
  8436 | D:5      | Found a shattered altar of Ashenzari.
  8436 | D:5      | Found a white marble altar of Elyvilon.
  8751 | D:5      | Reached skill level 5 in Dodging
  8887 | D:6      | Learned a level 5 spell: Venom Bolt
  9359 | D:6      | Found an iron altar of Okawaru.
  9361 | D:6      | Found a bloodstained altar of Trog.
 10046 | D:7      | Noticed Pikel
 10065 | D:7      | Reached skill level 5 in Spellcasting
 10065 | D:7      | Reached skill level 5 in Conjurations
 10065 | D:7      | Reached XP level 9. HP: 58/64 MP: 4/16
 10070 | D:7      | Killed Pikel
 10214 | D:7      | Gained mutation: Your tail ends in a poisonous barb. [mutagenic meat]
 10215 | D:7      | Gained mutation: Scrolls take you a little longer to read. [mutagenic meat]
 10217 | D:7      | Gained mutation: You tend to lose your temper in combat. [mutagenic meat]
 10518 | D:7      | Found a runed door.
 10522 | D:7      | Noticed Crazy Yiuf
 10525 | D:7      | Killed Crazy Yiuf
 10609 | D:7      | Gained mutation: You are robust. (+10% HP) [mutagenic meat]
 10610 | D:7      | Gained mutation: You are weak. (Str -2) [mutagenic meat]
 10611 | D:7      | Gained mutation: You occasionally shout uncontrollably at your foes. [mutagenic meat]
 10612 | D:7      | Gained mutation: Your mind is acute. (Int +2) [mutagenic meat]
 10943 | D:7      | Lost mutation: You tend to lose your temper in combat. [potion of mutation]
 10943 | D:7      | Lost mutation: You are weak. (Str -2) [potion of mutation]
 10943 | D:7      | Lost mutation: Your mind is acute. (Int +2) [potion of mutation]
 10943 | D:7      | Gained mutation: Your muscles are strong. (Str +2) [potion of mutation]
 10943 | D:7      | Gained mutation: You have large cloven feet. [potion of mutation]
 10943 | D:7      | Gained mutation: Your muscles are very strong. (Str +4) [potion of mutation]
 10944 | D:7      | Lost mutation: Scrolls take you a little longer to read. [potion of mutation]
 10944 | D:7      | Lost mutation: You occasionally shout uncontrollably at your foes. [potion of mutation]
 10944 | D:7      | Lost mutation: You have large cloven feet. [potion of mutation]
 10944 | D:7      | Lost mutation: Your muscles are very strong. (Str +4) [potion of mutation]
 10944 | D:7      | Gained mutation: You have sharp fingernails. [potion of mutation]
 10944 | D:7      | Gained mutation: Your flesh is heat resistant. (rF+) [potion of mutation]
 11101 | D:8      | Noticed Grum
 11146 | D:8      | Killed Grum
 11279 | D:8      | Learned a level 3 spell: Conjure Flame
 11297 | D:8      | Noticed Joseph
 11308 | D:8      | Killed Joseph
 11735 | D:8      | Noticed Maurice
 11738 | D:8      | Paralysed by Maurice for 5 turns
 11786 | D:8      | Noticed a four-headed hydra
 12247 | D:8      | Reached XP level 10. HP: 80/80 MP: 18/18
 12335 | D:8      | Found a radiant altar of Vehumet.
 12416 | D:8      | Reached skill level 6 in Spellcasting
 12546 | D:8      | Noticed a manticore
 12552 | D:8      | Got a brightly glowing war axe
 12553 | D:8      | Identified the +9 war axe "Ekuffaof" {venom, +Rage rElec rC-} (You found it on level 8 of the Dungeon)
 12578 | D:8      | Killed a manticore
 12790 | D:8      | Noticed a two-headed ogre
 12941 | D:8      | Reached skill level 5 in Air Magic
 13077 | D:8      | Found a glowing golden altar of the Shining One.
 13157 | D:8      | Killed a two-headed ogre
 13217 | D:8      | Reached ** piety under Kikubaaqudgha
 13217 | D:8      | Reached skill level 5 in Necromancy
 13446 | D:8      | Noticed Erica
 13453 | D:8      | Killed Erica
 13596 | D:8      | Learned a level 4 spell: Force Lance
 13943 | D:9      | Upgraded the game from 0.20.0-7-g3b7b877 to 0.20.0-8-g6b59dc7
 14307 | D:9      | Reached skill level 1 in Translocations
 14791 | D:9      | Reached skill level 7 in Spellcasting
 15340 | D:9      | Reached *** piety under Kikubaaqudgha
 15340 | D:9      | Identified Kikubaaqudgha's Almanac of Unholy Rites (Kikubaaqudgha gifted it to you on level 9 of the Dungeon)
 15340 | D:9      | Received a gift from Kikubaaqudgha
 15482 | D:9      | Reached XP level 11. HP: 65/90 MP: 5/21
 15870 | D:10     | Entered Level 10 of the Dungeon
 16362 | D:10     | Got a crystal broad axe {antimagic}
 16364 | D:10     | Identified the +8 broad axe "Ruatupec" {antimagic, rElec rC+ Dex+4} (You took it off a gnoll on level 10 of the Dungeon)
 17834 | D:9      | Reached **** piety under Kikubaaqudgha
 18012 | D:10     | Learned a level 1 spell: Corona
 18029 | D:10     | Noticed an unseen horror
 18034 | D:10     | Killed an unseen horror
 18359 | D:10     | Noticed mike2R's ghost (journeyman DEAE)
 18555 | D:10     | Killed mike2R's ghost
 18555 | D:10     | Reached skill level 8 in Spellcasting
 18673 | D:10     | Found a staircase to the Lair.
 18712 | D:10     | Found a staircase to the Orcish Mines.
 18777 | D:11     | Noticed a four-headed hydra
 18781 | D:10     | Paralysed by something for 3 turns
 18789 | D:10     | Killed Maurice
 18861 | D:9      | Noticed an emperor scorpion
 18861 | D:9      | a five-headed hydra changed into an emperor scorpion
 19795 | D:11     | Learned a level 2 spell: Blink
 19803 | D:11     | Noticed Gastronok
 19830 | D:11     | HP: 1/93 [Gastronok/the air (19)]
 19835 | D:11     | HP: 1/93 [Gastronok/the air (31)]
 19837 | D:11     | Killed Gastronok
 19837 | D:11     | Reached XP level 12. HP: 2/101 MP: 4/24
 20555 | D:11     | Noticed Psyche
 20564 | D:11     | Killed Psyche
 21059 | D:11     | Noticed a two-headed ogre
 21070 | D:11     | Noticed a four-headed hydra
 21102 | D:11     | Reached skill level 9 in Spellcasting
 21220 | D:10     | Mangled by a four-headed hydra

Skill      XL: |  1  2  3  4  5  6  7  8  9 10 11 12 |
---------------+-------------------------------------+-----
Stealth        | 2 |  2.1
Dodging        | 2 3 5 6 7 |  7.8
Conjurations   | 2 3 4 5 6 7 8 |  8.1
Air Magic      | 1 2 3 4 5 7 |  7.0
Spellcasting   | 3 4 5 7 8 9 |  9.0
Poison Magic   | 4 5 6 7 8 |  8.0
Necromancy     | 2 3 4 5 |  5.4
Evocations     | 1 3 4 |  4.2
Fighting       | 1 2 3 4 |  4.5
Translocations | 1 4 |  4.2
Short Blades   | |  0.4
Long Blades    | |  0.4

Action                   |  1- 3 |  4- 6 |  7- 9 | 10-12 || total
-------------------------+-------+-------+-------+-------++-------
Melee: Unarmed           |    13 |       |       |       ||    13
       Tailslap          |     6 |    11 |    29 |    33 ||    79
       Dagger            |    65 |    38 |    80 |    41 ||   224
       Short sword       |       |    53 |    45 |       ||    98
       War axe           |       |       |   126 |   135 ||   261
       Quarterstaff      |       |       |    50 |    66 ||   116
       Whip              |       |       |    12 |       ||    12
       Flail             |       |       |       |    24 ||    24
       Long sword        |       |       |       |     4 ||     4
       Staff             |       |       |       |    19 ||    19
 Cast: Sting             |    45 |    46 |    18 |       ||   109
       Poisonous Vapours |    21 |    62 |   118 |   184 ||   385
       Olgreb's Toxic Ra |       |       |    11 |    30 ||    41
       Conjure Flame     |       |       |     4 |    15 ||    19
       Control Undead    |       |       |     3 |     4 ||     7
       Force Lance       |       |       |       |    30 ||    30
       Venom Bolt        |       |       |       |    13 ||    13
       Corona            |       |       |       |     1 ||     1
       Blink             |       |       |       |     1 ||     1
 Abil: Breathe Noxious F |       |       |     2 |     4 ||     6
Evoke: Wand              |       |       |    20 |     4 ||    24
  Use: Scroll            |       |     3 |     7 |    14 ||    24
       Potion            |       |       |     4 |     3 ||     7
 Stab: Sleeping          |       |       |     2 |       ||     2
       Paralysed         |       |       |       |     6 ||     6
       Confused          |       |       |       |     1 ||     1
  Eat: Chunk             |     7 |    25 |    38 |    44 ||   114
       Meat ration       |       |       |       |     1 ||     1
Armor: Skin              |    30 |    23 |   159 |   212 ||   424
Dodge: Dodged            |    58 |    47 |   262 |   484 ||   851
       Rpst.: Long sword |       |       |       |     2 ||     2
